 Dungeon Crawl Stone Soup version 0.18-a0-1413-g4eaa9ac (webtiles) character file.

702 BenSoosneb the Spear-Bearer (level 7, -1/50 HPs)
             Began as a Merfolk Skald on Feb 25, 2016.
             Was a Follower of Okawaru.
             Slain by an ice beast (7 damage)
             ... on level 5 of the Dungeon.
             The game lasted 00:17:36 (6230 turns).

BenSoosneb the Spear-Bearer (Merfolk Skald)         Turns: 6230, Time: 00:17:36

Health: -1/50      AC:  4    Str: 13    XL:     7   Next: 66%
Magic:  17/19      EV: 11    Int: 13    God:    Okawaru [*.....]
Gold:   178        SH:  0    Dex: 13    Spells: 4 memorised, 2 levels left

rFire  + . .     SeeInvis .     a - +0 spear
rCold  + . .     Gourm    +     b - +0 leather armour
rNeg   . . .     Faith    .     (no shield)
rPois  +         Spirit   .     l - +0 helmet
rElec  +         Dismiss  .     (no cloak)
rCorr  +         Reflect  .     (no gloves)
SustAt .         Harm     .     (no boots)
MR     .....                    i - amulet of the gourmand
Stlth  +.........               n - ring of magical power
                                q - ring of resist corrosion

@: resistant, infused (expiring), drained, not resistant to hostile
enchantments, very unstealthy
A: change form in water, swift swim
a: Heroism, Renounce Religion


You were on level 5 of the Dungeon.
You worshipped Okawaru.
Okawaru was aware of your devotion.
You were very full.

You visited 1 branch of the dungeon, and saw 5 of its levels.

You collected 178 gold pieces.

Inventory:

Hand Weapons
 a - a +0 spear (weapon)
Armour
 b - a +0 leather armour (worn)
 l - a +0 helmet (worn)
Jewellery
 i - an amulet of the gourmand (around neck)
 m - an uncursed ring of flight
 n - a ring of magical power (right hand)
 q - a ring of resist corrosion (left hand)
 t - the ring "Lostoklata" {+Fly Int+5}
   (You found it on level 5 of the Dungeon)

   [ring of flight]

   It affects your intelligence (+5).
   It lets you fly.
Scrolls
 p - a scroll of fog
Potions
 f - a potion of cure mutation
 o - a potion of ambrosia
 s - a potion of brilliance {unknown}
 v - a potion of magic {unknown}
Books
 c - a book of Battle

   Spells                             Type                      Level
   a - Infusion                       Charms                       1
   b - Shroud of Golubria             Charms/Translocation         2
   c - Song of Slaying                Charms                       2
   d - Spectral Weapon                Hexes/Charms                 3
   e - Regeneration                   Charms/Necromancy            3
 e - a book of Flames

   Spells                             Type                      Level
   a - Flame Tongue                   Conjuration/Fire             1
   b - Throw Flame                    Conjuration/Fire             2
   c - Conjure Flame                  Conjuration/Fire             3
   d - Inner Flame                    Hexes/Fire                   3
   e - Sticky Flame                   Conjuration/Fire             4
   f - Fireball                       Conjuration/Fire             5
Comestibles
 d - 6 bread rations
 g - a meat ration
 h - a beef jerky
 k - 3 fruits


   Skills:
 - Level 2.1 Fighting
 + Level 11.7 Polearms
 - Level 0.6(0.5) Armour
 - Level 1.3 Dodging
 - Level 2.0(1.9) Spellcasting
 - Level 3.2 Charms


You had 2 spell levels left.
You knew the following spells:

 Your Spells              Type           Power        Failure   Level  Hunger
a - Infusion              Chrm           #...         12%         1    ##.....
b - Song of Slaying       Chrm           #.......     14%         2    ###....
c - Shroud of Golubria    Chrm/Tloc      #.........   28%         2    ###....
d - Spectral Weapon       Hex/Chrm       #.......     54%         3    ####...


Dungeon Overview and Level Annotations

Branches:
Dungeon (5/15)
 Temple: D:4-7

Altars:
Ashenzari
Dithmenos
Elyvilon
Kikubaaqudgha
Makhleb
Okawaru
Qazlal
Xom

Annotations:
D:4 SlimeFever's ghost, amateur DsMo
D:5 benbatman's ghost, amateur TrMo


Message History

The ice beast is moderately wounded.
You hit the ice beast but do no damage.
The ice beast is moderately wounded.
The ice beast barely misses you.
Your magical infusion is running out.
You hit the ice beast but do no damage.
The ice beast is moderately wounded.
You barely miss the ice beast.
The ice beast is moderately wounded.
The ice beast hits you. The ice beast freezes you!
* * * LOW HITPOINT WARNING * * *
You are too injured to fight recklessly!
You are too injured to fight recklessly!
You are too injured to fight recklessly!
Drink which item? (? for menu, Esc to quit)
You feel protected. The ice beast hits you.
* * * LOW HITPOINT WARNING * * *
The ice beast freezes you! You resist.
You die...

#....##......###
#....##......#
#.!..........#
#....#.......#
#....#.......###
#..............###
#.....#......#...###
#..Y..#......###....
#..@.######### #####
#....# #....# ######


You could see an ice beast.

Vanquished Creatures
  4 wights
  2 crimson imps (D:5)
  A centaur zombie (D:5)
  An orc priest (D:5)
  An orc wizard (D:5)
  Natasha (thrice) (D:2)
  2 worker ants (D:4)
  A hound skeleton (D:5)
  Robin (D:2)
  11 adders
  3 adder zombies (D:5)
  5 worms
  4 dart slugs
  2 giant geckos (D:2)
  4 orcs
  2 ball pythons (D:3)
  2 giant cockroaches
  7 hobgoblins
  16 jackals
  8 kobolds
  A quokka (D:2)
  8 bats
  3 giant newts (D:1)
  16 goblins
  A quokka skeleton (D:4)
  14 rats
123 creatures vanquished.

Notes
Turn   | Place    | Note
--------------------------------------------------------------
     0 | D:1      | BenSoosneb the Merfolk Skald began the quest for the Orb.
     0 | D:1      | Reached XP level 1. HP: 16/16 MP: 3/3
   106 | D:1      | Reached skill level 4 in Polearms
   106 | D:1      | Reached XP level 2. HP: 20/22 MP: 5/5
   130 | D:1      | Learned a level 2 spell: Song of Slaying
   193 | D:1      | Learned a level 2 spell: Shroud of Golubria
   544 | D:1      | Reached XP level 3. HP: 27/27 MP: 6/6
   549 | D:1      | Reached skill level 5 in Polearms
   675 | D:2      | Noticed Natasha
   725 | D:2      | HP: 1/27 [Natasha/magic dart (5)]
   727 | D:2      | Killed Natasha
   727 | D:2      | Reached skill level 6 in Polearms
   727 | D:2      | Reached XP level 4. HP: 1/33 MP: 3/7
  1540 | D:2      | Noticed Robin
  1586 | D:2      | Reached skill level 7 in Polearms
  1868 | D:2      | Reached XP level 5. HP: 17/38 MP: 0/8
  1873 | D:2      | Killed Robin
  2141 | D:2      | Noticed Natasha
  2146 | D:2      | Killed Natasha
  2212 | D:2      | Noticed Natasha
  2224 | D:2      | Killed Natasha
  2224 | D:2      | Reached skill level 8 in Polearms
  2480 | D:2      | Found a stormy altar of Qazlal.
  2481 | D:2      | Found an ancient bone altar of Kikubaaqudgha.
  2482 | D:2      | Found an iron altar of Okawaru.
  2483 | D:2      | Found a white marble altar of Elyvilon.
  2485 | D:2      | Found a shattered altar of Ashenzari.
  2511 | D:2      | Became a worshipper of Warmaster Okawaru
  2621 | D:2      | Learned a level 3 spell: Spectral Weapon
  2683 | D:3      | Found a shimmering altar of Xom.
  2690 | D:3      | Found a shadowy altar of Dithmenos.
  2992 | D:3      | Reached XP level 6. HP: 44/44 MP: 9/9
  3323 | D:3      | Found a burning altar of Makhleb.
  3402 | D:4      | Noticed SlimeFever's ghost (amateur DsMo)
  3415 | D:4      | Reached skill level 9 in Polearms
  4849 | D:5      | Entered Level 5 of the Dungeon
  4932 | D:5      | Noticed benbatman's ghost (amateur TrMo)
  5020 | D:5      | Reached skill level 10 in Polearms
  5035 | D:5      | Reached XP level 7. HP: 20/50 MP: 7/10
  5754 | D:5      | Reached skill level 11 in Polearms
  5791 | D:5      | Reached * piety under Okawaru
  5797 | D:5      | Got a wavering iron ring
  5907 | D:5      | Identified the ring "Lostoklata" {+Fly Int+5} (You found it on level 5 of the Dungeon)
  6230 | D:5      | Slain by an ice beast

Vault maps used:
D:1:      ncdulo_wetmaze
D:2:      minitemple, uniq_robin, uniq_natasha
D:3:      grunt_temple_overflow_open, lightli_temple_of_fire
D:5:      basic_altar, first_bread

Skill      XL: |  1  2  3  4  5  6  7 |
---------------+----------------------+-----
Polearms       | 4 6 7 8 10 11 | 11.7
Fighting       | |  2.1
Armour         | |  0.6
Dodging        | |  1.3
Spellcasting   | |  2.0
Charms         | |  3.2

Action                   |  1- 3 |  4- 6 |  7- 9 || total
-------------------------+-------+-------+-------++-------
Melee: Spear             |    97 |   423 |   162 ||   682
 Cast: Infusion          |     3 |    14 |     5 ||    22
       Shroud of Golubri |     1 |     1 |     1 ||     3
       Song of Slaying   |       |     2 |     1 ||     3
  Use: Scroll            |     4 |     8 |     3 ||    15
       Potion            |     1 |     1 |     1 ||     3
 Stab: Sleeping          |     1 |     1 |       ||     2
       Distracted        |       |       |     1 ||     1
  Eat: Chunk             |       |    23 |     6 ||    29
